 Dungeon Crawl Stone Soup version 0.31-a0-1154-gadca813884 (webtiles) character file.

Game seed: 4851071528156852464

57822 night the Geomancer (level 14, 0/94 HPs)
             Began as a Gargoyle Earth Elementalist on Dec 7, 2023.
             Was the Champion of Vehumet.
             Killed by an exploding crawlacc's ghost (28 damage)
             ... ignited by their inner flame
             ... on level 2 of the Orcish Mines.
             The game lasted 01:38:19 (24033 turns).

night the Geomancer (Gargoyle Earth Elementalist)  Turns: 24033, Time: 01:38:20

Health: 0/94       AC: 15    Str: 12    XL:     14   Next: 87%
Magic:  17/38      EV: 15    Int: 21    God:    Vehumet [******]
Gold:   691        SH:  3    Dex: 10    Spells: 9/36 levels left

rFire   . . .        a - +5 demon whip (freeze)
rCold   . . .        x - +0 buckler
rNeg    + . .        W - +0 troll leather armour
rPois   ∞            H - +0 helmet
rElec   +            (no cloak)
rCorr   .            (no gloves)
SInv    .            F - +0 pair of boots
Will    +....        D - amulet of magic regeneration
Stlth   ++           h - ring of magical power
HPRegen 1.15/turn    G - +5 ring of evasion
MPRegen 0.66/turn

%: no passive effects
@: flying
A: sickness immunity, AC +10, big wings, negative energy resistance 1,
electricity resistance, torment resistance 1, petrification resistance
a: Renounce Religion


You were on level 2 of the Orcish Mines.
You worshipped Vehumet.
Vehumet was exalted by your worship.
You visited 4 branches of the dungeon, and saw 20 of its levels.
You also visited: Sewer.

You collected 1809 gold pieces.
You spent 1118 gold pieces at shops.

Inventory:

Hand Weapons
 a - a +5 demon whip of freezing (weapon)
 b - a +2 hand cannon of draining
 o - the +2 morningstar of the Priest {vamp, rC+ Int+4 Dex-5}
   (You found it on level 2 of the Dungeon)

   Int+4:     It affects your intelligence (+4).
   Dex-5:     It affects your dexterity (-5).
   rC+:       It protects you from cold.
 I - a +4 morningstar of flaming
Missiles
 i - 3 atropa-tipped darts
 m - 7 curare-tipped darts
 N - 3 throwing nets
 S - 20 darts of dispersal
Armour
 x - a +0 buckler (worn)
 F - a +0 pair of boots (worn)
 H - a +0 helmet (worn)
 W - a +0 troll leather armour (worn)
Jewellery
 h - a ring of magical power (left hand)
 k - a ring of see invisible
 p - a +6 ring of intelligence
 s - a ring of protection from fire
 D - an amulet of magic regeneration (around neck)
 G - a +5 ring of evasion (right hand)
 K - a +6 ring of dexterity
 T - an amulet of the acrobat
 U - a ring of wizardry
 X - a ring of protection from fire
Wands
 v - a wand of roots (32)
 B - a wand of flame (19)
 O - a wand of polymorph (13)
 P - a wand of acid (10)
Scrolls
 d - 6 scrolls of fog
 g - 2 scrolls of silence
 j - a scroll of poison
 n - a scroll of immolation
 u - 3 scrolls of enchant armour
 w - 11 scrolls of teleportation
 y - 2 scrolls of butterflies
 J - 4 scrolls of fear
 L - 2 scrolls of revelation
 M - a scroll of enchant weapon
 V - a scroll of vulnerability
Potions
 c - a potion of brilliance {unknown}
 e - 7 potions of enlightenment
 f - a potion of berserk rage {unknown}
 l - 8 potions of heal wounds
 q - a potion of degeneration {unknown}
 r - 7 potions of mutation
 t - 4 potions of cancellation {unknown}
 z - 8 potions of curing
 A - 5 potions of might {unknown}
 C - 2 potions of magic
 E - 5 potions of lignification {unknown}
 Q - 3 potions of ambrosia {unknown}
 R - 3 potions of haste {unknown}
 Y - a potion of attraction {unknown}
 Z - a potion of invisibility {unknown}


   Skills:
 + Level 13.3 Fighting
 + Level 6.6 Maces & Flails
 - Level 1.5 Dodging
 - Level 2.1 Stealth
 + Level 11.5 Spellcasting
 + Level 12.9 Conjurations
 - Level 0.7 Transmutations
 - Level 1.2 Fire Magic
 + Level 14.7 Earth Magic
 - Level 6.7 Poison Magic


You had 9 spell levels left.
You knew the following spells:

 Your Spells              Type           Power      Damage    Failure   Level
a - Sandblast             Erth           100%       2d20      1%          1
b - Stone Arrow           Conj/Erth      100%       3d13      1%          3
c - Brom's Barrelling Bo  Conj/Erth      63%        2d8       1%          4
d - Poisonous Vapours     Pois/Air       52%        N/A       1%          2
e - Ignite Poison         Fire/Tmut/Pois 24%        N/A       2%          3
f - Lee's Rapid Deconstr  Erth           32%        3d17*     1%          5
g - Mephitic Cloud        Conj/Pois/Air  39%        N/A       1%          3
h - Bombard               Conj/Erth      31%        9d6       1%          6

Your spell library contained the following spells:

 Spells                   Type           Power      Damage    Failure   Level
 Orb of Destruction       Conj           30%        9d10      12%         7
 Foxfire                  Conj/Fire      100%       2x1d9     1%          1
 Passwall                 Tmut/Erth      36%        N/A       1%          2
 Flame Wave               Conj/Fire      42%        2d11      1%          4
 Olgreb's Toxic Radiance  Pois           40%        N/A       1%          4
 Sticky Flame             Conj/Fire      42%        2d6       1%          4
 Leda's Liquefaction      Hex/Erth       21%        N/A       4%          4
 Petrify                  Tmut/Erth      44%        N/A       4%          4
 Inner Flame              Hex/Fire       14%        N/A       7%          3
 Necrotise                Necr           48%        1d6       11%         1
 Freezing Cloud           Conj/Ice/Air   15%        6-21      13%         5
 Starburst                Conj/Fire      21%        6d7       22%         6
 Call Canine Familiar     Summ           12%        N/A       32%         3
 Gell's Gravitas          Tloc           12%        N/A       32%         3
 Sigil of Binding         Hex            12%        N/A       32%         3
 Teleport Other           Tloc           12%        N/A       32%         3
 Vampiric Draining        Necr           12%        2d6       32%         3
 Lehudib's Crystal Spear  Conj/Erth      31%        10d8      50%         8
 Animate Dead             Necr           12%        N/A       71%         4
 Dimensional Bullseye     Hex/Tloc       6%         N/A       71%         4
 Passage of Golubria      Tloc           12%        N/A       71%         4
 Plasma Beam              Fire/Air       7%         2x1d17    95%         6
 Agony                    Necr           12%        N/A       96%         5
 Silence                  Hex/Air        6%         N/A       96%         5
 Dispersal                Tloc           6%         N/A       100%        6
 Haunt                    Necr/Summ      6%         N/A       100%        7
 Discord                  Hex            6%         N/A       100%        8
 Ignition                 Fire           8%         3d5       100%        8
 Infestation              Necr           6%         N/A       100%        8


Dungeon Overview and Level Annotations

Branches:
Dungeon (12/15)            Temple (1/1) D:6            Lair (5/5) D:8
  Swamp (0/4) Lair:3       Spider (0/4) Lair:3        Slime (0/5) Lair:5
    Orc (2/2) D:12            Elf (0/3) Orc:2         Sewer (visited)

Altars:
Ashenzari
Cheibriados
Dithmenos
Elyvilon
Fedhas
Gozag
Hepliaklqana
Kikubaaqudgha
Makhleb
Nemelex Xobeh
Okawaru
Qazlal
Ru
Sif Muna
Trog
Uskayaw
Vehumet
Wu Jian
Xom
Yredelemnul
Zin
The Shining One
Jiyva

Shops:
D:3 =   D:4 *   Orc:2 :[[[:

Annotations:
D:6 2 transporters, nago's ghost, novice DjDe


Innate Abilities, Weirdness & Mutations

You are immune to sickness and miasma.
Your stone body is resilient. (AC +10)
You are immune to poison.
Your large and strong wings let you fly.
You resist negative energy. (rN+)
You are resistant to electric shocks. (rElec)
You are resistant to unholy torment.
You are immune to petrification.


Message History

The orc shouts!
The orc wizard mumbles some strange words.
The orc wizard flickers and vanishes!
Deactivating autopickup; reactivate with Ctrl-A.
The orc warrior misses you.
Your boulder slams into a wall and explodes!
Casting: Bombard (dangerous; 1% risk of failure)
Confirm with . or Enter, or press ? or * to list all spells.
Aiming: Bombard (dangerous; 1% risk of failure)
Press: ? - help, Shift-Dir - straight line, f/p - crawlacc's ghost
Aim: crawlacc's ghost (severely damaged, inner flame, 35% to hit)
The iron shot hits crawlacc's ghost!!
Flame seeps out of crawlacc's ghost.
Crawlacc's ghost is almost destroyed.
Crawlacc's ghost is engulfed in blazing flames.
Flame seeps out of crawlacc's ghost.
Crawlacc's ghost hits you.
* * * LOW HITPOINT WARNING * * *
The orc warrior closely misses you.
Casting: Bombard (dangerous; 1% risk of failure)
Confirm with . or Enter, or press ? or * to list all spells.
You don't know that spell.
Crawlacc's ghost is engulfed in blazing flames.
Flame seeps out of crawlacc's ghost.
Crawlacc's ghost attacks as it pursues you!
Crawlacc's ghost barely misses you.
The orc warrior hits you but does no damage.
Casting: Bombard (dangerous; 1% risk of failure)
Confirm with . or Enter, or press ? or * to list all spells.
Aiming: Bombard (dangerous; 1% risk of failure)
Press: ? - help, Shift-Dir - straight line, f/p - crawlacc's ghost
Aim: crawlacc's ghost (almost destroyed, inner flame, 35% to hit)
The iron shot hits crawlacc's ghost!
Vehumet accepts your kill.
You feel your power returning.
Crawlacc's ghost explodes!
The fiery explosion engulfs the orc warrior!!
You kill the orc warrior!
Vehumet accepts your kill.
Vehumet offers you knowledge of Orb of Destruction.
You feel your power returning. The fiery explosion engulfs you!!
You die...

#.bb......................)...[[<
##.b###.o°....................[.)
#####°.......................[.[
##........................[..
#.......##...o...).......)<..
##..#.○..#......#.)....[.....
#...§..°§)....##......))....
#######.....§§§....)).....)).....
............§§@..............[...
....).................)..........
.##..##.)##...###...##..##).##...
##..........≈≈# #≈≈..........##..
#..........≈≈≈# #≈≈≈..........#..
.........≈≈≈≈#####≈≈≈≈...........
#......≈≈≈≈####∩####≈≈≈≈......#))
#.....≈≈≈≈####...####≈≈≈≈.....#..
...............∩".............)).


You could see an orc warrior and an orc.

Vanquished Creatures
  A minotaur (Lair:2)
  The ghost of crawlacc the Cleaver, a journeyman MiFi of Trog (Orc:2)
  Josephine (Lair:3)
  4 hydras
  Erica (Lair:2)
  2 catoblepae
  5 two-headed ogres
  6 death yaks
  Urug (D:9)
  Amaemon (Lair:2)
  3 skysharks
  A soul eater (D:11)
  A goliath frog (Lair:5)
  A sixfirhy (D:11)
  2 lindwurms (Lair:3)
  2 orc knights (Orc:2)
  2 manticores
  An oklob plant (Orc:1)
  Maurice (D:6)
  2 cyclopes
  2 kobold blastminers (Orc:2)
  An orange demon (Lair:3)
  2 black mambas
  A smoke demon (D:11)
  17 cane toads
  2 unseen horrors
  2 rime drakes
  6 komodo dragons
  5 trolls
  A polar bear (Lair:2)
  Prince Ribbit (Lair:2)
  A hornet (Lair:3)
  29 blink frogs
  A tyrant leech (Lair:5)
  9 slime creatures
  2 shadows
  Sigmund (D:2)
  6 wraiths
  19 yaks
  A vampire (D:9)
  5 wyverns
  A steam dragon (D:8)
  A swamp worm (Lair:3)
  10 vampire mosquitoes
  2 redbacks (Lair:3)
  2 wargs (D:12)
  An acid dragon (D:9)
  12 water moccasins
  2 hell hounds (Lair:2)
  35 orc warriors
  Duvessa (D:7)
  4 black bears
  A sky beast (D:6)
  2 ice beasts
  7 ogres
  9 wolves
  16 centaurs
  A phantom (D:5)
  8 kobold brigands
  18 bullfrogs
  2 gnoll sergeants
  A scorpion (D:6)
  13 wights
  Dowan (D:7)
  8 killer bees
  7 electric eels
  3 howler monkeys (D:8)
  3 quasits (D:11)
  7 hounds
  A gnoll bouda (D:6)
  12 orc priests
  A sleepcap (D:7)
  2 iguanas
  15 orc wizards
  A hell rat (Sewer)
  5 adders
  17 gnolls
  2 river rats (Sewer)
  4 white imps
  7 worms
  3 dart slugs
  51 orcs
  4 endoplasms
  6 giant cockroaches
  10 goblins
  9 hobgoblins
  38 kobolds
  5 quokkas
  5 ball pythons
  7 bats
  2 frilled lizards
  12 rats
550 creatures vanquished.

Vanquished Creatures (collateral kills)
  An orc (D:6)
  3 kobolds
  86 boulders
90 creatures vanquished.

Vanquished Creatures (others)
  86 boulders
86 creatures vanquished.

Grand Total: 726 creatures vanquished

Notes
Turn   | Place    | Note
-------+----------+-------------------------------------------
     0 | D:1      | night the Gargoyle Earth Elementalist began the quest for
                  | the Orb.
     0 | D:1      | Reached XP level 1. HP: 10/10 MP: 3/3
   126 | D:1      | Reached skill level 4 in Earth Magic
   126 | D:1      | Reached XP level 2. HP: 9/16 MP: 3/5
   251 | D:1      | Found a faded altar of an unknown god.
   266 | D:1      | Prayed at the altar of an unknown god.
   266 | D:1      | Became a worshipper of Vehumet
   266 | D:1      | Reached * piety under Vehumet
   266 | D:1      | Offered knowledge of Shock by Vehumet.
   511 | D:1      | Reached skill level 1 in Fighting
   616 | D:2      | Reached XP level 3. HP: 20/20 MP: 3/6
   709 | D:2      | Noticed Sigmund
   716 | D:2      | Learned a level 3 spell: Stone Arrow
   718 | D:2      | Found a shimmering altar of Xom.
   782 | D:2      | HP: 2/20 [Sigmund/magic dart (11)]
   861 | D:2      | Killed Sigmund
   862 | D:2      | Reached skill level 2 in Fighting
   862 | D:2      | Reached skill level 5 in Earth Magic
   862 | D:2      | Reached XP level 4. HP: 17/27 MP: 4/8
   862 | D:2      | Reached XP level 5. HP: 19/31 MP: 4/9
  1031 | D:2      | Reached skill level 6 in Earth Magic
  1031 | D:2      | Reached ** piety under Vehumet
  1031 | D:2      | Offered knowledge of Poisonous Vapours by Vehumet.
  1034 | D:2      | Identified the +2 morningstar of the Priest {vamp, rC+
                  | Int+4 Dex-5}
  1078 | D:2      | Learned a level 2 spell: Poisonous Vapours
  1184 | D:2      | Learned a level 4 spell: Brom's Barrelling Boulder
  1418 | D:2      | Reached XP level 6. HP: 36/36 MP: 6/10
  2062 | D:3      | Reached skill level 1 in Conjurations
  2178 | D:3      | Offered knowledge of Dazzling Flash by Vehumet.
  2185 | D:3      | Found a glowing drain.
  2189 | Sewer    | Entered a sewer
  2609 | D:3      | Found Fumulara's Jewellery Emporium.
  3156 | D:4      | Reached *** piety under Vehumet
  3211 | D:4      | Reached XP level 7. HP: 37/41 MP: 6/12
  3352 | D:4      | Found a shadowy altar of Dithmenos.
  3355 | D:4      | Found Iwneasu's Overcharged Wands.
  3499 | D:4      | You fall into a shaft and drop 1 floor!
  3499 | D:5      | Entered Level 5 of the Dungeon
  3534 | D:5      | Reached skill level 2 in Conjurations
  3592 | D:5      | Found a sacrificial altar of Ru.
  3874 | D:5      | Reached skill level 7 in Earth Magic
  4594 | D:5      | Reached XP level 8. HP: 48/48 MP: 9/14
  5133 | D:4      | Found a bloodstained altar of Trog.
  5417 | D:6      | Found a staircase to the Ecumenical Temple.
  5427 | Temple   | Entered the Ecumenical Temple
  5703 | D:6      | Offered knowledge of Ignite Poison by Vehumet.
  5708 | D:6      | Learned a level 3 spell: Ignite Poison
  5754 | D:6      | Reached skill level 5 in Fighting
  5795 | D:6      | Reached skill level 1 in Poison Magic
  6060 | D:6      | Found a basalt altar of Yredelemnul.
  6082 | D:6      | Found an ornate altar of the Wu Jian Council.
  6120 | D:6      | Reached skill level 5 in Spellcasting
  6142 | D:6      | Found a transporter.
  6147 | D:6      | Noticed nago's ghost (novice DjDe)
  6239 | D:6      | Found a transporter.
  6371 | D:6      | Reached skill level 8 in Earth Magic
  6371 | D:6      | Reached skill level 2 in Poison Magic
  6576 | D:6      | Found a shimmering blue altar of Sif Muna.
  6772 | D:7      | Reached XP level 9. HP: 55/55 MP: 6/16
  6946 | D:7      | Reached skill level 5 in Conjurations
  7513 | D:7      | Noticed Maurice
  7540 | D:7      | Something stole 281 gold
  7543 | D:6      | Killed Maurice
  7813 | D:7      | Noticed Dowan
  7845 | D:7      | Killed Dowan
  7979 | D:7      | Noticed Duvessa
  7983 | D:7      | Killed Duvessa
  8323 | D:8      | Found a snail-covered altar of Cheibriados.
  8358 | D:8      | Noticed a troll
  8379 | D:8      | Killed a troll
  8379 | D:8      | Reached **** piety under Vehumet
  8517 | D:8      | Reached skill level 9 in Earth Magic
  8873 | D:8      | Offered knowledge of Sticky Flame by Vehumet.
  8947 | D:8      | Reached XP level 10. HP: 61/61 MP: 15/19
  9499 | D:8      | Reached skill level 5 in Poison Magic
  9912 | D:8      | Found a staircase to the Lair.
 10014 | D:8      | Found an ancient bone altar of Kikubaaqudgha.
 11023 | D:9      | Reached skill level 10 in Earth Magic
 11256 | D:9      | Found the +7 staff of the Meek {protect, meekguard}
 11388 | D:9      | Found an iron altar of Okawaru.
 11389 | D:9      | Found an opulent altar of Gozag.
 11608 | D:9      | Noticed a catoblepas
 11643 | D:9      | Killed a catoblepas
 11643 | D:9      | Reached ***** piety under Vehumet
 11764 | D:9      | Reached XP level 11. HP: 61/68 MP: 13/21
 11788 | D:9      | Offered knowledge of Lee's Rapid Deconstruction by Vehumet.
 11810 | D:9      | Learned a level 5 spell: Lee's Rapid Deconstruction
 12040 | D:9      | Noticed a two-headed ogre
 12058 | D:9      | Killed a two-headed ogre
 12611 | D:9      | Learned a level 3 spell: Mephitic Cloud
 12809 | D:10     | Entered Level 10 of the Dungeon
 12815 | D:10     | Noticed a two-headed ogre
 12822 | D:10     | Noticed Urug
 12830 | D:10     | Killed a two-headed ogre
 12910 | D:9      | Killed Urug
 13132 | D:10     | Reached skill level 11 in Earth Magic
 13741 | D:10     | Identified the orb "Yfushyo" {mayhem, rPois}
 13888 | Lair:1   | Entered Level 1 of the Lair of Beasts
 14060 | Lair:1   | Noticed a death yak
 14063 | Lair:1   | Noticed a death yak
 14064 | Lair:1   | Noticed a death yak
 14066 | Lair:1   | Noticed a death yak
 14067 | Lair:1   | Noticed a death yak
 14073 | Lair:1   | Noticed a death yak
 14270 | D:8      | Killed a death yak
 14335 | D:8      | Killed a death yak
 14436 | D:8      | Killed a death yak
 14468 | D:8      | Killed a death yak
 14496 | D:8      | Killed a death yak
 14497 | D:8      | Reached XP level 12. HP: 77/77 MP: 19/24
 15005 | Lair:1   | Killed a death yak
 15006 | Lair:1   | Reached skill level 10 in Fighting
 15006 | Lair:1   | Reached skill level 12 in Earth Magic
 15806 | Lair:2   | Found a runed translucent door.
 15888 | Lair:2   | Noticed a minotaur
 15895 | Lair:2   | Killed a minotaur
 16198 | Lair:2   | Noticed Prince Ribbit
 16213 | Lair:2   | Killed Prince Ribbit
 16279 | Lair:2   | Noticed Erica
 16309 | Lair:2   | Killed Erica
 16310 | Lair:2   | Reached skill level 10 in Conjurations
 16882 | Lair:3   | Noticed Amaemon
 16979 | Lair:3   | Noticed Josephine
 17000 | Lair:3   | Killed Josephine
 17093 | Lair:2   | Killed Amaemon
 17138 | Lair:3   | Reached skill level 13 in Earth Magic
 17145 | Lair:3   | Learned a level 6 spell: Starburst
 17220 | Lair:3   | Found a hole to the Spider Nest.
 17295 | Lair:3   | Reached skill level 1 in Fire Magic
 17305 | Lair:3   | Offered knowledge of Bombard by Vehumet.
 17306 | Lair:3   | Reached XP level 13. HP: 84/84 MP: 21/26
 17357 | Lair:2   | Learned a level 6 spell: Bombard
 17402 | Lair:3   | Reached skill level 1 in Maces & Flails
 17518 | Lair:3   | Reached skill level 2 in Maces & Flails
 17542 | Lair:3   | Reached skill level 10 in Spellcasting
 17590 | Lair:3   | Identified the +6 whip of Jeomagal {freeze, rElec rPois
                  | Dex+3}
 17592 | Lair:3   | Identified the +2 short sword "Wuituma" {freeze, *Slow
                  | Dex+5}
 18366 | Lair:3   | Found a staircase to the Swamp.
 19464 | Lair:5   | Entered Level 5 of the Lair of Beasts
 19487 | Lair:5   | Reached skill level 12 in Fighting
 19965 | Lair:5   | Found a staircase to the Slime Pits.
 19966 | Lair:5   | Found a viscous altar of Jiyva.
 19980 | Lair:5   | Reached skill level 12 in Conjurations
 19986 | Lair:5   | Gained mutation: Your large and strong wings let you fly.
                  | [Gargoyle growth]
 19986 | Lair:5   | Reached XP level 14. HP: 92/92 MP: 19/28
 20174 | Lair:5   | Reached skill level 5 in Maces & Flails
 20293 | Lair:5   | Reached skill level 14 in Earth Magic
 21599 | D:12     | Offered knowledge of Yara's Violent Unravelling by Vehumet.
 22340 | D:12     | Found a staircase to the Orcish Mines.
 22483 | D:12     | Found an iron altar of Okawaru.
 22727 | Orc:1    | Entered Level 1 of the Orcish Mines
 22856 | Orc:2    | Entered Level 2 of the Orcish Mines
 23557 | Orc:1    | Identified the staff "Qajao" {rC+ Int-3 Necro Tmut Ice}
 23654 | Orc:2    | Found Zoloypor's Book Shoppe.
 23722 | Orc:2    | Found a staircase to the Elven Halls.
 23828 | Orc:2    | Found Onla's Armour Boutique.
 23828 | Orc:2    | Found Zoezoc's Armour Shoppe.
 23828 | Orc:2    | Found Wohitoig's Book Emporium.
 23832 | Orc:2    | Found Wapiot's Antique Armour Shop.
 23839 | Orc:2    | Bought the Unrestrained Analects for 828 gold pieces
 23844 | Orc:2    | Bought a runed cloak for 232 gold pieces
 23923 | Orc:2    | Bought a +0 buckler for 58 gold pieces
 23981 | Orc:2    | Found a runed translucent gate.
 23982 | Orc:2    | Found a runed translucent gate.
 23986 | Orc:2    | Noticed crawlacc's ghost (journeyman MiFi)
 23991 | Orc:2    | Found a runed translucent gate.
 24033 | Orc:2    | Killed crawlacc's ghost
 24033 | Orc:2    | Reached ****** piety under Vehumet
 24033 | Orc:2    | Offered knowledge of Orb of Destruction by Vehumet.
 24033 | Orc:2    | Killed by an exploding crawlacc's ghost... ignited by their
                  | inner flame

Illustrated notes

Levels and vault maps discovered:
D:1:      eino_arrival_cavern_e, layout_rooms, basic_ecumenical_altar
D:2:      minmay_general_purpose_star, layout_basic, basic_altar, uniq_sigmund
D:3:      layout_loops_ring, gup_sewer_entry_spiral, serial_shops, shop
D:4:      layout_basic, lightli_temple_of_fire, nicolae_dithmenos_shadow_blocks,
          serial_library_hellmonk_recessed_alcove,
          nicolae_shop_overcharged_wands
D:5:      layout_basic, mainiacjoe_overflow_cross_hatched
D:6:      layout_loops_corners, mainiacjoe_overflow_catwalk_spiral,
          led_sif_pool, minmay_temple_entry_drinking_statues,
          gammafunk_ghost_stat_death
D:7:      layout_cave_pods, uniq_duvessa, uniq_maurice
D:8:      layout_layer_cave, mainiacjoe_overflow_six_doors_small,
          kennysheep_slug_shrine, erik_lair_island, minmay_unpleasant_kobolds
D:9:      layout_roguey, gammafunk_temple_overflow_statue, grunt_decor_cap,
          grunt_potential
D:10:     layout_loops_ring, uniq_urug
D:11:     layout_basic, serial_demonic, serial_demonic_g, serial_demonic_a,
          serial_demonic_d, serial_demonic_b, eino_jars
D:12:     layout_cave_pods, david_orc_1_choice,
          hellmonk_okawaru_the_only_friend_you_need
Temple:   chequers_temple_sunken
Lair:1:   layout_loops_ring, serial_bayou_shore_b
Lair:2:   dreamdust_labyrinth, layout_cave_pods, enter_volcano_3, wad_woods_03,
          grunt_megastairs_1, lemuel_fruit_tree, uniq_erica, uniq_prince_ribbit2
Lair:3:   cheibrodos_lair_overgrown_chateau, layout_gridlike,
          nicolae_swamp_entry_splash_gauntlet, spider_nest_entry_funnel_web,
          uniq_josephine, uniq_amaemon
Lair:4:   layout_layer_cave, pdpol_lair_neglected_garden,
          dreamdust_mushroom_princess
Lair:5:   minmay_lair_end_frog_pond, layout_concentric_octagons, slime_entry_1,
          minivault_25
Orc:1:    layout_caves, mines3_lemuel
Orc:2:    st_orc_rangers, layout_caves, gammafunk_ghost_split, serial_shops,
          nicolae_shop_tiny_statue_garden

Skill      XL: |  1  2  3  4  5  6  7  8  9 10 11 12 13 14 |
---------------+-------------------------------------------+-----
Earth Magic    | 4 5 6 7 8 9 10 11 13 14 | 14.7
Fighting       | 1 2 3 4 5 6 8 9 11 12 13 | 13.3
Spellcasting   | 3 4 5 6 7 8 9 10 11 | 11.5
Conjurations   | 1 3 4 6 7 9 10 12 | 12.9
Poison Magic   | 2 4 5 6 |  6.7
Fire Magic     | 1 |  1.2
Maces & Flails | 4 6 |  6.6
Dodging        | |  1.5
Stealth        | |  2.1
Transmutations | |  0.7

Action                     |  1- 3 |  4- 6 |  7- 9 | 10-12 | 13-15 || total
---------------------------+-------+-------+-------+-------+-------++-------
  Melee: Hand axe          |    17 |       |       |       |       ||    17
         Falchion          |     2 |     8 |       |       |       ||    10
         Morningstar       |       |    73 |    64 |    19 |       ||   156
         Punch             |       |       |     1 |       |     3 ||     4
         Quarterstaff      |       |       |       |    42 |       ||    42
         Demon whip        |       |       |       |     5 |   170 ||   175
  Throw: Dart              |       |       |       |     3 |       ||     3
   Cast: Sandblast         |    23 |    37 |    15 |    37 |    37 ||   149
         Stone Arrow       |     2 |     9 |    24 |    86 |   175 ||   296
         Poisonous Vapours |       |    35 |    59 |    54 |    91 ||   239
         Brom's Barrelling |       |     2 |    42 |    92 |    99 ||   235
         Ignite Poison     |       |       |     7 |    31 |    41 ||    79
         Lee's Rapid Decon |       |       |       |    18 |    19 ||    37
         Mephitic Cloud    |       |       |       |    15 |     5 ||    20
         Bombard           |       |       |       |       |    13 ||    13
  Evoke: Wand              |       |       |       |     3 |       ||     3
    Use: Scroll            |       |     6 |     4 |     4 |    15 ||    29
         Potion            |       |       |       |     1 |       ||     1
   Stab: Sleeping          |       |       |       |       |     1 ||     1
 Armour: Robe              |    29 |    64 |   111 |    76 |       ||   280
         Troll leather arm |       |       |       |   109 |   331 ||   440
  Dodge: Dodged            |    23 |    72 |    88 |   178 |   279 ||   640

Table legend: (Time is in decaauts)
 A = Elapsed time spent in this place.
 B = Non-inter-level travel time spent in this place.
 C = Inter-level travel time spent in this place.
 D = Time resting spent in this place.
 E = Time spent auto-exploring this place.
 F = Levels seen in this place.
 G = Mean time per level.
                   A        B        C        D        E       F      G
               +--------+--------+--------+--------+--------+-----+--------+
         Total |  24289 |  23262 |   1027 |   3591 |  14704 |  21 | 1156.6 |
       Dungeon |  16405 |  15678 |    727 |   2702 |  10058 |  12 | 1367.1 |
        Temple |      1 |      1 |      0 |      0 |      0 |   1 |    1.0 |
          Lair |   6351 |   6088 |    263 |    735 |   3903 |   5 | 1270.2 |
  Orcish Mines |   1301 |   1265 |     36 |    154 |    593 |   2 |  650.5 |
         Sewer |    229 |    229 |      0 |      0 |    149 |   1 |  229.0 |
               +--------+--------+--------+--------+--------+-----+--------+

Top non-repeatable levels by time:
     D:8: 2922 daAuts
     D:9: 2087 daAuts
  Lair:2: 1679 daAuts
     D:6: 1672 daAuts
     D:7: 1601 daAuts
  Lair:3: 1548 daAuts
     D:2: 1380 daAuts
     D:5: 1197 daAuts
    D:12: 1128 daAuts
  Lair:1: 1122 daAuts
  Lair:5: 1049 daAuts
     D:3: 998 daAuts
  Lair:4: 953 daAuts
    D:11: 933 daAuts
    D:10: 929 daAuts
